TOP OF THE 1ST |
---|
Culver City Extras batting - Pitching for Balzac Rams : RHP Henry Carroll | Pitching: RHP Henry Carroll | | Batting: RHB Jamie Swyers | 0-0: Foul Ball, location: 2F 0-1: Ball 1-1: Ball 2-1: SINGLE (Flyball, 8RS) | Batting: RHB Jason McIntosh | 0-0: Called Strike Jamie Swyers is caught stealing 2nd base 0-1: Ground out 6-3 (Groundball, 6) | Batting: LHB Iván Espinosa | 0-0: Ball 1-0: Ball 2-0: Called Strike 2-1: Ball 3-1: Base on Balls | Batting: RHB Horace Johnson | 0-0: Called Strike 0-1: Ground out 4-3 (Groundball, 34) | Top of the 1st over - 0 runs, 1 hit, 0 errors, 1 left on base; Culver City 0 - Balzac 0 | BOTTOM OF THE 1ST |
---|
Balzac Rams batting - Pitching for Culver City Extras : LHP Marcos Ortíz | Pitching: LHP Marcos Ortíz | | Batting: SHB Emílio Calvillo | 0-0: Called Strike 0-1: Called Strike 0-2: Strikes out looking | Batting: LHB Carlos Romero | 0-0: Called Strike 0-1: Ground out U3 (Groundball, 3) | Batting: RHB Ken Longoria | 0-0: Ground out 4-3 (Groundball, 4) | Bottom of the 1st over - 0 runs, 0 hits, 0 errors, 0 left on base; Culver City 0 - Balzac 0 | TOP OF THE 2ND |
---|
Culver City Extras batting - Pitching for Balzac Rams : RHP Henry Carroll | Batting: LHB Ramiro Venegas | 0-0: Called Strike 0-1: Ball 1-1: SINGLE (Line Drive, 9LM) | Batting: LHB Buddy Rice | 0-0: Ball 1-0: Ball 2-0: Foul Ball, location: 2F 2-1: Foul Ball, location: 2F 2-2: Foul Ball, location: 2F 2-2: Ball 3-2: Grounds into double play, 6-4-3 (Groundball, 6) | Batting: RHB Dave Anderson | 0-0: Called Strike 0-1: Ball 1-1: Ground out 4-3 (Groundball, 4M) | Top of the 2nd over - 0 runs, 1 hit, 0 errors, 0 left on base; Culver City 0 - Balzac 0 | BOTTOM OF THE 2ND |
---|
Balzac Rams batting - Pitching for Culver City Extras : LHP Marcos Ortíz | Batting: RHB Gunner Allen | 0-0: Swinging Strike 0-1: Ball 1-1: Ball 2-1: Foul Ball, location: 2F 2-2: Ball 3-2: Base on Balls | Batting: RHB Tommy Wilson | 0-0: Ball 1-0: Ground out 4-3 (Groundball, 4S) Gunner Allen to second | Batting: LHB Troy Jackson | 0-0: Ball 1-0: Called Strike 1-1: Fly out, F8 (Flyball, 8LD) Runner from 2nd tags up, SAFE at 3rd with throw | Batting: RHB Lorenzo Silva | 0-0: Ball 1-0: SINGLE (Flyball, 9S) Gunner Allen scores | Batting: RHB Jason Ward | 0-0: Called Strike 0-1: Ball 1-1: Foul Ball, location: 2F 1-2: SINGLE (Groundball, 6MD) Lorenzo Silva to second Runner from 2nd tries for 3rd, SAFE, throw made to third | Batting: RHB Ricardo Muńóz | 0-0: Ball 1-0: SINGLE (Line Drive, 6MD) Lorenzo Silva scores Jason Ward to second | Batting: SHB Emílio Calvillo | 0-0: DOUBLE (Line Drive, 89D) Jason Ward scores Ricardo Muńóz to third Runner from 3rd tries for Home, SAFE, no throw | Batting: LHB Carlos Romero | 0-0: Ball 1-0: Ball 2-0: Called Strike 2-1: Foul Ball, location: 2F 2-2: Foul Ball, location: 2F 2-2: Fly out, F7 (Flyball, 78S) | Bottom of the 2nd over - 4 runs, 4 hits, 0 errors, 1 left on base; Culver City 0 - Balzac 4 | TOP OF THE 3RD |
---|
Culver City Extras batting - Pitching for Balzac Rams : RHP Henry Carroll | Batting: LHB Richard Bell | 0-0: Foul Ball, location: 2F 0-1: Fly out, F8 (Line Drive, 8LD) | Batting: LHB Francisco Chavero | 0-0: Ball 1-0: Called Strike 1-1: Called Strike 1-2: Ball 2-2: Foul Ball, location: 2F 2-2: Ball 3-2: Base on Balls | Batting: RHB Jamie Swyers | 0-0: Called Strike 0-1: DOUBLE (Flyball, 8LD) Francisco Chavero to third | Batting: RHB Jason McIntosh | 0-0: Ball 1-0: Ball 2-0: Ball 3-0: Base on Balls | Batting: LHB Iván Espinosa | 0-0: Foul Ball, location: 2F 0-1: Ball 1-1: Called Strike 1-2: Ball 2-2: Strikes out swinging | Batting: RHB Horace Johnson | 0-0: Ground out 5-3 (Groundball, 56S) | Top of the 3rd over - 0 runs, 1 hit, 0 errors, 3 left on base; Culver City 0 - Balzac 4 | BOTTOM OF THE 3RD |
---|
Balzac Rams batting - Pitching for Culver City Extras : LHP Marcos Ortíz | Batting: RHB Ken Longoria | 0-0: Ball 1-0: Fly out, F8 (Flyball, 8RM) | Batting: RHB Gunner Allen | 0-0: Foul Ball, location: 2F 0-1: Swinging Strike 0-2: Ball 1-2: DOUBLE (Line Drive, 7LM) | Batting: RHB Tommy Wilson | 0-0: Ball 1-0: Called Strike 1-1: Ball 2-1: Foul Ball, location: 2F 2-2: Ball 3-2: Foul Ball, location: 2F 3-2: Base on Balls | Batting: LHB Troy Jackson | 0-0: Called Strike 0-1: Ball 1-1: Called Strike 1-2: Strikes out swinging | Batting: RHB Lorenzo Silva | 0-0: Swinging Strike 0-1: Called Strike 0-2: Fielders Choice at 2nd, 6-4 (Groundball, 6) | Bottom of the 3rd over - 0 runs, 1 hit, 0 errors, 2 left on base; Culver City 0 - Balzac 4 | TOP OF THE 4TH |
---|
Culver City Extras batting - Pitching for Balzac Rams : RHP Henry Carroll | Batting: LHB Ramiro Venegas | 0-0: Called Strike 0-1: Ball 1-1: Ball 2-1: Foul Ball, location: 2F 2-2: Strikes out swinging, 2-3 out at first. | Batting: LHB Buddy Rice | 0-0: Ball 1-0: Ball 2-0: Ball 3-0: Base on Balls | Batting: RHB Dave Anderson | 0-0: Ball 1-0: Ball 2-0: Ball 3-0: Called Strike 3-1: Fly out, F9 (Flyball, 9LS) | Batting: LHB Richard Bell | 0-0: Ball 1-0: Fielders Choice at 2nd, 5-4 (Groundball, 5) | Top of the 4th over - 0 runs, 0 hits, 0 errors, 1 left on base; Culver City 0 - Balzac 4 | BOTTOM OF THE 4TH |
---|
Balzac Rams batting - Pitching for Culver City Extras : LHP Marcos Ortíz | Batting: RHB Jason Ward | 0-0: Ball 1-0: Ball 2-0: Ground out 5-3 (Groundball, 56S) | Batting: RHB Ricardo Muńóz | 0-0: Ball 1-0: Ball 2-0: SINGLE (Flyball, 4MD) | Batting: SHB Emílio Calvillo | 0-0: Called Strike 0-1: DOUBLE (Line Drive, 89D) Ricardo Muńóz to third | Batting: LHB Carlos Romero | 0-0: Called Strike 0-1: SINGLE (Groundball, 4MD) Ricardo Muńóz scores Emílio Calvillo to third Runner from 3rd tries for Home, SAFE, no throw | Batting: RHB Ken Longoria | 0-0: Called Strike 0-1: Foul Ball, location: 2F 0-2: Strikes out looking | Batting: RHB Gunner Allen | 0-0: Called Strike 0-1: Ball 1-1: Ball Carlos Romero steals 2nd base 2-1: SINGLE (Groundball, 6D) Carlos Romero to third Throwing error, E7 Carlos Romero scores Gunner Allen to second | Batting: RHB Tommy Wilson | 0-0: SINGLE (Groundball, 4D) Gunner Allen to third Runner from 3rd tries for Home, SAFE, no throw | Batting: LHB Troy Jackson | 0-0: Ball 1-0: Fly out, F7 (Flyball, 7D) | Bottom of the 4th over - 4 runs, 5 hits, 1 error, 1 left on base; Culver City 0 - Balzac 8 | TOP OF THE 5TH |
---|
Culver City Extras batting - Pitching for Balzac Rams : RHP Henry Carroll | Batting: LHB Francisco Chavero | 0-0: Foul Ball, location: 2F 0-1: Foul Ball, location: 2F 0-2: Strikes out swinging | Batting: RHB Jamie Swyers | 0-0: Foul Ball, location: 2F 0-1: Called Strike 0-2: Ball 1-2: Ball 2-2: Foul Ball, location: 2F 2-2: Ball 3-2: Fly out, F9 (Flyball, 9LSF) | Pitching: RHP Aaron Williams | | Batting: RHB Jason McIntosh | 0-0: Swinging Strike 0-1: Called Strike 0-2: SINGLE (Line Drive, 6MD) | Batting: LHB Iván Espinosa | 0-0: SINGLE (Flyball, 9S) Jason McIntosh to second Runner from 2nd tries for 3rd, OUT! | Top of the 5th over - 0 runs, 2 hits, 0 errors, 1 left on base; Culver City 0 - Balzac 8 | BOTTOM OF THE 5TH |
---|
Balzac Rams batting - Pitching for Culver City Extras : LHP Marcos Ortíz | Batting: RHB Lorenzo Silva | 0-0: Ball 1-0: Ball 2-0: Ground out 4-3 (Groundball, 4) | Batting: RHB Jason Ward | 0-0: Ball 1-0: Called Strike 1-1: Fly out, F6 (Line Drive, 6) | Batting: RHB Ricardo Muńóz | 0-0: Ball 1-0: Ball 2-0: SINGLE (Flyball, 78M) | Batting: SHB Emílio Calvillo | 0-0: Ball Passed Ball! Ricardo Muńóz to second 1-0: Ball 2-0: Called Strike 2-1: Foul Ball, location: 2F 2-2: Ground out 5-3 (Groundball, 56) | Bottom of the 5th over - 0 runs, 1 hit, 0 errors, 1 left on base; Culver City 0 - Balzac 8 | TOP OF THE 6TH |
---|
Culver City Extras batting - Pitching for Balzac Rams : RHP Aaron Williams | Batting: RHB Horace Johnson | 0-0: Ball 1-0: Ball 2-0: Ball 3-0: Called Strike 3-1: Base on Balls | Batting: LHB Ramiro Venegas | 0-0: Ball 1-0: Fly out, F9 (Flyball, 9LSF) | Batting: LHB Buddy Rice | 0-0: Ball 1-0: SINGLE (Line Drive, 7LM) Horace Johnson to second | Batting: RHB Dave Anderson | 0-0: Called Strike Horace Johnson steals 3rd base 0-1: Ball 1-1: Ball 2-1: Grounds into double play, 5-4-3 (Groundball, 56) | Top of the 6th over - 0 runs, 1 hit, 0 errors, 1 left on base; Culver City 0 - Balzac 8 | BOTTOM OF THE 6TH |
---|
Balzac Rams batting - Pitching for Culver City Extras : LHP Marcos Ortíz | Batting: LHB Carlos Romero | 0-0: Ball 1-0: Ball 2-0: Ball 3-0: Base on Balls | Batting: RHB Ken Longoria | 0-0: Ball 1-0: Grounds into double play, 6-4-3 (Groundball, 56) | Batting: RHB Gunner Allen | 0-0: Ball 1-0: Foul Ball, location: 2F 1-1: Called Strike 1-2: Ball 2-2: Ball 3-2: Foul Ball, location: 2F 3-2: Base on Balls | Batting: RHB Tommy Wilson | 0-0: Ball 1-0: Swinging Strike 1-1: Swinging Strike 1-2: Foul Ball, location: 2F 1-2: Ball 2-2: Strikes out looking | Bottom of the 6th over - 0 runs, 0 hits, 0 errors, 1 left on base; Culver City 0 - Balzac 8 | TOP OF THE 7TH |
---|
Culver City Extras batting - Pitching for Balzac Rams : RHP Aaron Williams | Batting: LHB Richard Bell | 0-0: Fly out, F8 (Flyball, 8RD) | Batting: LHB Francisco Chavero | 0-0: Ball 1-0: Ball 2-0: Called Strike 2-1: Ball 3-1: Base on Balls | Batting: RHB Jamie Swyers | 0-0: Foul Ball, location: 2F 0-1: Swinging Strike 0-2: Foul Ball, location: 2F 0-2: Foul Ball, location: 2F 0-2: Ball 1-2: Fly out, F8 (Flyball, 8RM) | Batting: RHB Jason McIntosh | 0-0: Called Strike 0-1: Called Strike 0-2: Foul Ball, location: 2F 0-2: Strikes out swinging | Top of the 7th over - 0 runs, 0 hits, 0 errors, 1 left on base; Culver City 0 - Balzac 8 | BOTTOM OF THE 7TH |
---|
Balzac Rams batting - Pitching for Culver City Extras : LHP Marcos Ortíz | Batting: LHB Troy Jackson | 0-0: Called Strike 0-1: Ball 1-1: Swinging Strike 1-2: Strikes out swinging | Batting: RHB Lorenzo Silva | 0-0: Ball 1-0: Swinging Strike 1-1: Fly out, F8 (Flyball, 78D) | Batting: RHB Jason Ward | 0-0: Ball 1-0: Ball 2-0: Ball 3-0: Base on Balls | Pitching: RHP Rubén Cruz | | Batting: RHB Ricardo Muńóz | 0-0: Called Strike 0-1: Foul Ball, location: 2F 0-2: Ball Jason Ward steals 2nd base 1-2: Fly out, F9 (Flyball, 9S) | Bottom of the 7th over - 0 runs, 0 hits, 0 errors, 1 left on base; Culver City 0 - Balzac 8 | TOP OF THE 8TH |
---|
Culver City Extras batting - Pitching for Balzac Rams : RHP Aaron Williams | Batting: LHB Iván Espinosa | 0-0: Ball 1-0: Ball 2-0: Swinging Strike 2-1: Ground out U3 (Groundball, 3S) | Batting: RHB Horace Johnson | 0-0: Foul Ball, location: 2F 0-1: Called Strike 0-2: Ball 1-2: Foul Ball, location: 2F 1-2: Ball 2-2: Ball 3-2: SOLO HOME RUN (Flyball, 9D), Distance : 427 ft | Batting: LHB Ramiro Venegas | 0-0: Called Strike 0-1: Ball 1-1: Called Strike 1-2: Ball 2-2: DOUBLE (Line Drive, 78XD) | Batting: LHB Buddy Rice | 0-0: Ball 1-0: Ball 2-0: Ball 3-0: SINGLE (Line Drive, 8RS) Ramiro Venegas to third Runner from 3rd tries for Home, SAFE, no throw | Batting: RHB Dave Anderson | 0-0: Called Strike 0-1: Swinging Strike 0-2: Foul Ball, location: 2F 0-2: Ball 1-2: Fly out, F2 (Popup, 15S) | Batting: LHB Richard Bell | 0-0: Called Strike 0-1: Ball 1-1: Swinging Strike 1-2: Strikes out swinging | Top of the 8th over - 2 runs, 3 hits, 0 errors, 1 left on base; Culver City 2 - Balzac 8 | BOTTOM OF THE 8TH |
---|
Balzac Rams batting - Pitching for Culver City Extras : RHP Rubén Cruz | Batting: SHB Emílio Calvillo | 0-0: Called Strike 0-1: Ball 1-1: Called Strike 1-2: Strikes out swinging | Batting: LHB Carlos Romero | 0-0: Called Strike 0-1: Swinging Strike 0-2: Strikes out looking | Batting: RHB Ken Longoria | 0-0: Called Strike 0-1: Ball 1-1: Ball 2-1: Called Strike 2-2: Strikes out looking | Bottom of the 8th over - 0 runs, 0 hits, 0 errors, 0 left on base; Culver City 2 - Balzac 8 | TOP OF THE 9TH |
---|
Culver City Extras batting - Pitching for Balzac Rams : RHP Aaron Williams | Now at 1B: Rodney Harrison | | Now in LF: Gerald Arnold | | Batting: LHB Francisco Chavero | 0-0: Ground out 6-3 (Groundball, 6) | Batting: RHB Jamie Swyers | 0-0: Ball 1-0: Called Strike 1-1: Ground out 6-3 (Groundball, 6) | Batting: RHB Jason McIntosh | 0-0: Swinging Strike 0-1: Ball 1-1: Called Strike 1-2: Ball 2-2: Ground out 6-3 (Groundball, 6) | Top of the 9th over - 0 runs, 0 hits, 0 errors, 0 left on base; Culver City 2 - Balzac 8 | |